 Dungeon Crawl Stone Soup version 0.25.1-2-g60ff931df9 (webtiles) character file.

Game seed: 10504209634898144010

241 axecop the Chopper (level 5, 0/61 HPs)
             Began as a Demonspawn Abyssal Knight on Oct 20, 2020.
             Was a Believer of Lugonu.
             Slain by a worker ant (2 damage)
             ... on level 4 of the Dungeon.
             The game lasted 00:02:32 (3058 turns).

axecop the Chopper (Demonspawn Abyssal Knight)      Turns: 3058, Time: 00:02:33

Health: 0/61       AC: 22    Str: 13    XL:     5   Next: 80%
Magic:  6/6        EV:  2    Int: 13    God:    Lugonu [**....]
Gold:   95         SH:  0    Dex: 13    Spells: 4/4 levels left

rFire    . . .     SeeInvis .   a - +1 hand axe
rCold    . . .     Gourm    .   (no shield)
rNeg     + + +     Faith    .   (armour currently unavailable)
rPois    +         Spirit   .   (helmet currently unavailable)
rElec    .         Reflect  .   (cloak currently unavailable)
rCorr    .         Harm     .   (gloves currently unavailable)
MR       .....     NoTele   +   (boots currently unavailable)
Stlth    +.........             (no amulet)
HPRegen  0.20/turn              (no ring)
MPRegen  0.10/turn              (no ring)

@: lethally poisoned (0 -> -4), tree-form, stab
A: powered by pain 1
a: Depart the Abyss, Bend Space, Renounce Religion


You were on level 4 of the Dungeon.
You worshipped Lugonu.
Lugonu was pleased with you.
You were not hungry.
You were a tree.
You visited 1 branch of the dungeon, and saw 4 of its levels.
You visited the Abyss 1 time.

You collected 95 gold pieces.

Inventory:

Hand Weapons
 a - a +1 hand axe (weapon)
Armour
 b - a +0 leather armour (melded)
 e - a +0 scale mail
Scrolls
 j - a scroll of enchant armour {unknown}
Potions
 f - a potion of resistance
 g - 4 potions of stabbing
 k - 2 potions of magic {unknown}
Comestibles
 c - 5 rations


   Skills:
 - Level 3.0 Fighting
 + Level 5.6 Axes
 - Level 1.7 Armour
 - Level 0.8 Dodging
 - Level 2.4 Invocations


You had 4 spell levels left.
You didn't know any spells.
Your spell library was empty.

Dungeon Overview and Level Annotations

Branches:
Dungeon (4/15)
 Temple: D:4-7

Altars:

Annotations:
D:3 Robin


Innate Abilities, Weirdness & Mutations

You sometimes gain a little power by taking damage.
((Your movements are less encumbered by armour. (ER -4)))


Message History

You barely miss the worker ant.
The worker ant is almost dead.
You feel sick. The worker ant bites you.
* * * LOW HITPOINT WARNING * * *
Unknown command.
It was a potion of stabbing.
You feel ready to backstab.
The worker ant waves its antennae.
The worker ant closely misses you.
Really quaff the potion of lignification?
Okay, then.
Really quaff the potion of lignification?
You turn into a tree.
Your +0 leather armour melds into your body.
Your roots penetrate the ground.
* * * LOW HITPOINT WARNING * * *
You feel sick. The worker ant bites you.
* * * LOW HITPOINT WARNING * * *
The worker ant bites you.
You die...

.... #..#... ....###.(#.##
### ............#... .
............#.#..#
.........(....#.#
............##..#
.>....##........# .#
......###.#.###.## #..#
............(.#.♣### #..#
#####..###..(..#a..#####..#
#.....## ####......?......#
#.##### ##............# ..#
###..........# ..#
#..........## #### ......
##...........#..... .#####
....(................ ##
####.(........#......


You could see a worker ant.

Vanquished Creatures
  An ogre (D:4)
  A scorpion (D:4)
  A worker ant (D:2)
  4 adders (D:2)
  An ooze (D:1)
  A worm (D:2)
  A dart slug (D:2)
  2 leopard geckos
  A giant cockroach (D:1)
  8 goblins
  5 hobgoblins
  A quokka (D:4)
  A ball python (D:1)
  6 bats
  4 frilled lizards
  A kobold (D:2)
  3 rats (D:1)
42 creatures vanquished.

Notes
Turn   | Place    | Note
-------+----------+-------------------------------------------
     0 | Abyss:1  | axecop the Demonspawn Abyssal Knight began the quest for
                  | the Orb.
     0 | Abyss:1  | Reached XP level 1. HP: 18/18 MP: 2/2
    12 | D:1      | Escaped the Abyss
    42 | D:1      | Reached skill level 2 in Axes
   275 | D:1      | Gained mutation: You sometimes gain a little power by
                  | taking damage. [demonic ancestry]
   275 | D:1      | Reached XP level 2. HP: 23/24 MP: 3/3
   714 | D:1      | Reached skill level 3 in Axes
  1013 | D:2      | Reached XP level 3. HP: 18/29 MP: 4/4
  1466 | D:2      | Reached skill level 4 in Axes
  1466 | D:2      | Gained mutation: Your movements are slightly less
                  | encumbered by armour. (ER -2) [demonic ancestry]
  1466 | D:2      | Reached XP level 4. HP: 18/35 MP: 5/5
  2281 | D:2      | Reached ** piety under Lugonu
  2482 | D:3      | Noticed Robin
  2514 | D:4      | Gained mutation: Your movements are less encumbered by
                  | armour. (ER -4) [demonic ancestry]
  2514 | D:4      | Reached XP level 5. HP: 11/41 MP: 6/6
  2848 | D:4      | Noticed an ogre
  2875 | D:4      | Reached skill level 5 in Axes
  2877 | D:4      | Killed an ogre
  3058 | D:4      | HP: 2/61 [worker ant (2)]
  3058 | D:4      | Slain by a worker ant

Illustrated notes

Levels and vault maps discovered:
D:1:      lemuel_arrival_rhombus, layout_loops_cross
D:2:      layout_loops_cross
D:3:      layout_basic, chequers_ecumenical_altar_grove, chequers_mini_garden,
          minmay_quadrilaterals, uniq_robin, uniq_grinder
D:4:      layout_rooms, minitemple, uniq_natasha

Skill      XL: |  1  2  3  4  5 |
---------------+----------------+-----
Axes           | 2 3 4 5 |  5.6
Fighting       | |  3.0
Armour         | |  1.7
Dodging        | |  0.8
Invocations    | |  2.4

Action                   |  1- 3 |  4- 6 || total
-------------------------+-------+-------++-------
Melee: Hand axe          |    81 |    57 ||   138
Throw: Dart              |     2 |    14 ||    16
Invok: Bend Space        |       |     4 ||     4
  Use: Scroll            |       |     2 ||     2
       Potion            |       |     2 ||     2
  Eat: Chunk             |     2 |     5 ||     7
Armor: Leather armour    |    24 |     8 ||    32
Dodge: Dodged            |    55 |    43 ||    98
